 Dungeon Sprint DCSS version 0.23.2 (webtiles) character file.

Game seed: 6663624921469894889

900000 Fang the Warrior (level 14, -1/142 HPs)
             Began as a Demonspawn Gladiator on Apr 2, 2019.
             Was a Follower of Makhleb.
             Slain by a meat berserker
             ... wielding a +9 battleaxe
              (69 damage)
             ... in the Dungeon (Sprint VIII: "Arena of Blood").
             The game lasted 00:00:18 (9 turns).

Fang the Warrior (Demonspawn Gladiator)                Turns: 9, Time: 00:00:18

Health: -1/142     AC:  7    Str: 19    XL:     14   Next: 29%
Magic:  14/14      EV: 25    Int: 10    God:    Makhleb [*.....]
Gold:   0          SH:  0    Dex: 15    Spells: 13/13 levels left

rFire    + . .     SeeInvis .   l - +∞ Axe of Woe
rCold    . . .     Gourm    .   (shield currently unavailable)
rNeg     . . .     Faith    .   b - +0 leather armour
rPois    .         Spirit   .   c - +0 helmet
rElec    .         Reflect  .   (no cloak)
rCorr    .         Harm     .   (no gloves)
MR       +....     NoTele   +   (no boots)
Stlth    +.........             (no amulet)
HPRegen  0.33/turn              (no ring)
MPRegen  0.14/turn              (no ring)

@: no status effects
A: talons 2, rugged brown scales 3, fire resistance 1, spiny 2
a: Renounce Religion


You were in the Dungeon.
You worshipped Makhleb.
Makhleb was aware of your devotion.
You were not hungry.

You visited 1 branch

Inventory:

Hand Weapons
 a - a +0 war axe
 l - the +∞ Axe of Woe (weapon)
   (You found it in the Dungeon)
Missiles
 d - 3 throwing nets (quivered)
Armour
 b - a +0 leather armour (worn)
 c - a +0 helmet (worn)
Scrolls
 k - a scroll of blinking
Potions
 e - a potion of curing
 g - a potion of heal wounds
 h - a potion of haste
 i - 2 potions of magic
 j - a potion of berserk rage
Comestibles
 f - a ration


   Skills:
 + Level 19.3 Fighting
 + Level 18.1 Axes
 + Level 18.0 Throwing
 + Level 18.1 Dodging


You had 13 spell levels left.
You didn't know any spells.
Your spell library was empty.

Dungeon Overview and Level Annotations

Branches:
Dungeon (1/1)

Altars:
Makhleb


Innate Abilities, Weirdness & Mutations

You have razor-sharp toenails.
You are completely covered in rugged brown scales. (AC +3, +7% HP)
Your flesh is heat resistant. (rF+)
You are mostly covered in sharp spines.


Message History

You hear a shout! x4
A bag of meat comes into view. It is wielding a +9 war axe.
You hear a shout! x2
A meat berserker comes into view. It is wielding a +9 battleaxe.
You hear a shout! x2
A bag of meat comes into view. It is wielding a +9 war axe.
You hear a shout! x5; The bag of meat shouts!
Things that are here:
a +9 war axe; a +30 ring of slaying; a bag of meat corpse A bag of meat comes into view.
It is wielding a +9 war axe.
The bag of meat shouts!
You hear a shout! x2
A meat berserker comes into view. It is wielding a +9 battleaxe.
You hear a shout! x3
You hear a shout!
The meat berserker rages.
A meat berserker comes into view. It is wielding a +9 battleaxe.
You hear a shout! x5
The meat berserker is struck by your spines.
The meat berserker hits you with a +9 battleaxe!!!
You die...

.... .. ... ..
#o. .# . #.. o.#
..###.. ..###.
.......###......
o......._)......
....#..@O.#....
o #_.<._# .
#..O..#
....._...O.
......###......
.###.. ..###.
#.. o.# #.. .O#
.. ..


You could see 4 meat berserkers and 2 bags of meat.

Vanquished Creatures
  An ogre (D)
  2 orcs (D)
3 creatures vanquished.

Notes
Turn   | Place    | Note
-------+----------+-------------------------------------------
     0 | D        | Found the +∞ Axe of Woe
     0 | D        | Fang the Demonspawn Gladiator began the quest for the Orb.
     0 | D        | Reached XP level 1. HP: 16/16 MP: 1/1
     1 | D        | Noticed a bag of meat
     2 | D        | Noticed a bag of meat
     3 | D        | Noticed a meat berserker
     4 | D        | Became a worshipper of Makhleb the Destroyer
     5 | D        | Killed a bag of meat
     5 | D        | Reached skill level 14 in Fighting
     5 | D        | Gained mutation: You are partially covered in rugged brown
                  | scales. (AC +1, +3% HP) [demonic ancestry]
     5 | D        | Reached XP level 2. HP: 36/44 MP: 2/2
     5 | D        | Reached XP level 3. HP: 41/50 MP: 3/3
     5 | D        | Gained mutation: You are partially covered in sharp spines.
                  | [demonic ancestry]
     5 | D        | Reached XP level 4. HP: 47/57 MP: 4/4
     5 | D        | Reached XP level 5. HP: 52/63 MP: 5/5
     5 | D        | Reached XP level 6. HP: 58/71 MP: 6/6
     5 | D        | Reached XP level 7. HP: 63/77 MP: 7/7
     5 | D        | Reached XP level 8. HP: 69/84 MP: 8/8
     5 | D        | Gained mutation: You have sharp toenails. [demonic
                  | ancestry]
     5 | D        | Reached XP level 9. HP: 74/90 MP: 9/9
     5 | D        | Gained mutation: You are mostly covered in rugged brown
                  | scales. (AC +2, +5% HP) [demonic ancestry]
     5 | D        | Reached XP level 10. HP: 74/99 MP: 10/10
     5 | D        | Gained mutation: Your flesh is heat resistant. (rF+)
                  | [demonic ancestry]
     5 | D        | Reached XP level 11. HP: 79/106 MP: 11/11
     5 | D        | Killed a meat berserker
     5 | D        | Reached * piety under Makhleb
     5 | D        | Reached skill level 18 in Fighting
     5 | D        | Gained mutation: You have razor-sharp toenails. [demonic
                  | ancestry]
     5 | D        | Reached XP level 12. HP: 90/121 MP: 12/12
     5 | D        | Gained mutation: You are completely covered in rugged brown
                  | scales. (AC +3, +7% HP) [demonic ancestry]
     5 | D        | Reached XP level 13. HP: 90/130 MP: 13/13
     5 | D        | Noticed a meat berserker
     5 | D        | Noticed a bag of meat
     6 | D        | Killed a bag of meat
     6 | D        | Reached skill level 19 in Fighting
     6 | D        | Gained mutation: You are mostly covered in sharp spines.
                  | [demonic ancestry]
     6 | D        | Reached XP level 14. HP: 67/142 MP: 14/14
     6 | D        | Noticed a bag of meat
     7 | D        | Noticed a meat berserker
     7 | D        | Noticed a bag of meat
     8 | D        | Noticed a bag of meat
     8 | D        | Noticed a meat berserker
     9 | D        | Noticed a meat berserker
     9 | D        | Slain by a meat berserker

Skill      XL: |  1  2  3  4  5  6  7  8  9 10 11 12 13 |
---------------+----------------------------------------+-----
Fighting       | 14 18 19 | 19.3
Axes           | 13 17 18 | 18.1
Throwing       | 13 16 18 | 18.0
Dodging        | 13 17 18 | 18.1

Action                   |  1- 3 |  4- 6 |  7- 9 | 10-12 | 13-15 || total
-------------------------+-------+-------+-------+-------+-------++-------
Melee: Executioner's axe |     1 |       |       |       |     1 ||     2
